WCHLSIM.com - West Coast Hockey League
html PUBLIC "-//W3C//DTD XHTML 1.0 Transitional//EN" "http://www.w3.org/TR/xhtml1/DTD/xhtml1-transitional.dtd"> WCHL - Game 531 - TEXAS TOROS vs VANCOUVER VOODOO

TEXAS TOROS vs VANCOUVER VOODOO

Created - 4 janvier 2023 at 09:01

Goals
1 2 3 OT1 T
TEXAS TOROS 1 1 0 0 2
VANCOUVER VOODOO 1 1 0 1 3
Shots
1 2 3 OT1 T
TEXAS TOROS 10 6 6 2 24
VANCOUVER VOODOO 10 8 14 8 40

1st period

1. TEXAS TOROS , Dante Fabbro 2 (Tyson Barrie 11) at 8:50 (PP)
2. VANCOUVER VOODOO , Marcus Johansson 4 (Patric Hornqvist 11) at 18:26

Penalties :
Brendan Lemieux (VAN) for Holding (Minor) at 4:33, Noah Juulsen (VAN) for Tripping (Minor) at 8:28

2nd period

3. TEXAS TOROS , Ryan Suter 6 (Barrett Hayton 12, Ryan Poehling 3) at 9:37 (SH)
4. VANCOUVER VOODOO , Brendan Gallagher 6 (Jack McBain 1, Mike Reilly 6) at 17:23

Penalties :
Eetu Luostarinen (TEX) for Tripping (Minor) at 0:20, Brandon Duhaime (TEX) for Hooking (Minor) at 8:56

3rd period

No Goal

Penalties :
No Penalty

Overtime #1

5. VANCOUVER VOODOO , Josh Bailey 9 (Radek Faksa 6) at 4:56

Penalties :
No Penalty

Goalie Stats

Philipp Grubauer (TEX), 37 saves from 40 shots - (0,925), OTL, 9-13-3, 64:57 minutes
Samuel Montembeault (VAN), 22 saves from 24 shots - (0,917), W, 3-9-1, 64:57 minutes

Players Stats for TEXAS TOROS

Player Name              G  A  P  +/- PIM S  H  SB GA TA FO     MP     PP MP  PK MP  
------------------------------------------------------------------------------------
Barrett Hayton           0  1  1   0  0   2  0  0  0  0  12/21  21:14   1:21   1:43 
Bobby Brink              0  0  0   0  0   0  1  1  0  0  0/0    15:52   0:00   0:00 
Brandon Duhaime          0  0  0  -1  2   0  1  0  0  0  0/2    16:59   1:21   0:14 
Dante Fabbro             1  0  1   0  0   3  2  1  0  0  0/0    21:30   1:21   1:55 
Eetu Luostarinen         0  0  0  -2  2   3  1  0  0  0  1/3    18:53   0:49   1:05 
Erik Gustafsson          0  0  0   0  0   0  1  0  0  0  0/0    18:37   0:00   2:03 
Jason Zucker             0  0  0   0  0   1  1  1  0  0  2/7     6:51   0:00   0:00 
Johnathan Kovacevic      0  0  0  -1  0   0  0  0  0  0  0/0     4:18   0:00   0:00 
Mikey Eyssimont          0  0  0   0  0   0  0  0  0  0  2/2    17:30   0:00   1:10 
Owen Power               0  0  0   0  0   1  1  1  0  0  0/0    17:48   1:00   0:00 
Philippe Myers           0  0  0  -1  0   0  2  1  0  0  0/0    14:01   0:00   0:00 
Ryan Poehling            0  1  1   1  0   2  1  0  0  0  6/13   17:44   0:11   1:29 
Ryan Suter               1  0  1  -1  0   1  0  1  0  0  0/0    27:01   1:00   2:03 
Taylor Raddysh           0  0  0  -1  0   2  0  0  0  0  0/1    16:58   1:21   0:00 
Trevor Zegras            0  0  0  -1  0   2  0  0  0  0  11/26  26:11   1:00   0:00 
Tyson Barrie             0  1  1   0  0   3  0  1  0  0  0/0    21:42   1:21   1:55 
Vladislav Namestnikov    0  0  0  -2  0   4  2  1  0  0  0/0    20:51   1:00   2:15 
Yegor Chinakhov          0  0  0   0  0   0  0  0  0  0  0/0     6:51   0:00   0:00 

Players Stats for VANCOUVER VOODOO

Player Name              G  A  P  +/- PIM S  H  SB GA TA FO     MP     PP MP  PK MP  
------------------------------------------------------------------------------------
Anthony Beauvillier      0  0  0   0  0   3  0  0  0  0  0/1    18:00   0:00   0:00 
Brendan Gallagher        1  0  1   1  0   3  0  0  0  0  0/0    14:03   2:01   0:00 
Brendan Lemieux          0  0  0   1  2   3  1  0  0  0  0/1    12:13   0:00   0:12 
Brett Kulak              0  0  0   3  0   0  1  0  0  0  0/0    25:29   2:01   0:46 
Cole Sillinger           0  0  0   0  0   2  0  0  0  0  7/11   18:00   0:00   0:00 
Denis Gurianov           0  0  0   0  0   0  0  0  0  0  0/0     9:08   0:00   0:00 
Dominik Kubalik          0  0  0   0  0   1  1  0  0  0  1/2     9:54   0:00   0:46 
Jack Ahcan               0  0  0   0  0   0  0  0  0  0  0/0    16:42   0:00   0:40 
Jack McBain              0  1  1   1  0   1  0  0  0  0  7/11   12:50   0:00   0:48 
Josh Anderson            0  0  0   1  0   3  1  0  0  0  1/2    18:41   2:01   0:00 
Josh Bailey              1  0  1   0  0   8  0  0  0  0  5/9    22:42   1:57   0:06 
Logan Stanley            0  0  0  -1  0   0  4  0  0  0  0/0    20:27   1:57   1:19 
Marcus Johansson         1  0  1   0  0   5  0  0  0  0  11/18  19:59   1:57   0:16 
Matthew Grzelcyk         0  0  0  -1  0   1  0  1  0  0  0/0    20:40   1:57   1:19 
Mike Reilly              0  1  1   2  0   2  3  0  0  0  0/0    24:31   2:01   0:28 
Noah Juulsen             0  0  0   0  2   0  5  1  0  0  0/0    16:14   0:00   0:10 
Patric Hornqvist         0  1  1   0  0   6  1  0  0  0  1/1    19:46   1:57   1:17 
Radek Faksa              0  1  1   1  0   2  2  0  0  0  8/19   13:09   2:01   1:17 

3 Stars

1 - Mike Reilly (VAN)
2 - Brendan Gallagher (VAN)
3 - Dante Fabbro (TEX)

Power Play

TEXAS TOROS - 1 on 2 Attempt(s) - 50,00%
VANCOUVER VOODOO - 0 on 2 Attempt(s) - 0,00%

Penalty Kill

TEXAS TOROS - 2 on 2 Attempt(s) - 100,00% - Score 1 goal in Penalty Kill
VANCOUVER VOODOO - 1 on 2 Attempt(s) - 50,00% - Score 0 goal in Penalty Kill

Team Stat

TEXAS TOROS - Hits : 13 - Faceoff Wins : 34 - Blocked Shots : 8 - Penalty Minutes : 4
VANCOUVER VOODOO - Hits : 19 - Faceoff Wins : 41 - Blocked Shots : 2 - Penalty Minutes : 4

Official

Referees : Robert Hennessey and Troy Paterson
Linesman : Kelsey Mahoney and Jake Davis

Game Notes

Philippe Myers is injured at 11:05 of 3rd period (Abdominal Strain)

Finance

Level 1 -- Attendance: 7200 (100,00%) -- Ticket Income 1 044 000 $
Level 2 -- Attendance: 5500 (100,00%) -- Ticket Income 550 000 $
Level 3 -- Attendance: 2898 (96,60%) -- Ticket Income 197 064 $
Level 4 -- Attendance: 5421 (90,35%) -- Ticket Income 260 208 $
Luxury Box -- Attendance: 1000 (100,00%) -- Ticket Income 300 000 $
Total Attendance: 22019 (97,00%)
Total Ticket Income: 2 351 272 $
Other Expense: 23 513 $
Total Income: 2 327 759 $

TEXAS TOROS

5 vs 5 Forward 
   Center                   Left Wing                Right Wing               Time % Phy DF OF 
 1 Trevor Zegras            Vladislav Namestnikov    Eetu Luostarinen         36     1   2  2  
 2 Barrett Hayton           Brandon Duhaime          Taylor Raddysh           31     1   2  2  
 3 Ryan Poehling            Mikey Eyssimont          Bobby Brink              23     1   2  2  
 4 Jason Zucker             Yegor Chinakhov          Trevor Zegras            10     1   2  2  

5 vs 5 Defense 
   Defense                  Defense                                           Time % Phy DF OF 
 1 Ryan Suter               Philippe Myers                                    36     1   2  2  
 2 Tyson Barrie             Dante Fabbro                                      31     1   2  2  
 3 Owen Power               Erik Gustafsson                                   23     1   2  2  
 4 Johnathan Kovacevic      Ryan Suter                                        10     1   2  2  

PowerPlay Forward 
   Center                   Left Wing                Right Wing               Time % Phy DF OF 
 1 Trevor Zegras            Vladislav Namestnikov    Eetu Luostarinen         55     1   2  2  
 2 Barrett Hayton           Brandon Duhaime          Taylor Raddysh           45     1   2  2  

PowerPlay Defense
   Defense                  Defense                                           Time % Phy DF OF 
 1 Ryan Suter               Owen Power                                        55     1   2  2  
 2 Tyson Barrie             Dante Fabbro                                      45     1   2  2  

Penalty Kill 4 Players Forward 
   Center                   Wing                     Time % Phy DF OF 
 1 Eetu Luostarinen         Vladislav Namestnikov    55     1   2  2  
 2 Barrett Hayton           Ryan Poehling            45     1   2  2  

Penalty Kill 4 Players Defense
   Defense                  Defense                  Time % Phy DF OF 
 1 Ryan Suter               Erik Gustafsson          55     1   2  2  
 2 Tyson Barrie             Dante Fabbro             45     1   2  2  

Penalty Kill - 3 Players Forward 
   Forward                                           Time % Phy DF OF 
 1 Barrett Hayton                                    55     1   2  2  
 2 Vladislav Namestnikov                             45     1   2  2  

Penalty Kill - 3 Players Defense
   Defense                  Defense                  Time % Phy DF OF 
 1 Ryan Suter               Philippe Myers           55     1   2  2  
 2 Tyson Barrie             Dante Fabbro             45     1   2  2  

4 vs 4 Forward 
   Center                   Wing                     Time % Phy DF OF 
 1 Taylor Raddysh           Vladislav Namestnikov    55     1   2  2  
 2 Barrett Hayton           Bobby Brink              45     1   2  2  

4 vs 4 Defense
   Defense                  Defense                  Time % Phy DF OF 
 1 Ryan Suter               Johnathan Kovacevic      55     1   2  2  
 2 Tyson Barrie             Dante Fabbro             45     1   2  2  

Last Minutes Offensive
   Center                   Left Wing                Right Wing               Defense                  Defense                  
   Trevor Zegras            Vladislav Namestnikov    Eetu Luostarinen         Ryan Suter               Philippe Myers           

Last Minutes Defensive
   Center                   Left Wing                Right Wing               Defense                  Defense                  
   Trevor Zegras            Vladislav Namestnikov    Eetu Luostarinen         Ryan Suter               Philippe Myers           

Goaltenders
Starting : Philipp Grubauer         
Backup : Adin Hill                

Extra Forwards
Normal : Ryan Poehling, Bobby Brink, Mikey Eyssimont - PP : Ryan Poehling, Bobby Brink - PK : Mikey Eyssimont
Extra Defensemen
Normal : Owen Power, Erik Gustafsson, Johnathan Kovacevic - PP : Owen Power - PK : Erik Gustafsson, Johnathan Kovacevic
Penalty Shots
Mikey Eyssimont, Vladislav Namestnikov, Barrett Hayton, Ryan Poehling, Taylor Raddysh
Custom OT Lines Forwards
Trevor Zegras, Vladislav Namestnikov, Barrett Hayton, Eetu Luostarinen, Taylor Raddysh, Ryan Poehling, Bobby Brink, Brandon Duhaime, Mikey Eyssimont, Jason Zucker
Custom OT Lines Defensemen
Ryan Suter, Erik Gustafsson, Tyson Barrie, Dante Fabbro, Owen Power

Scratches
Connor Bunnaman (Healthy), Alec Martinez (Left Hand Injury), Nate Schmidt (Torso Injury), Miles Wood (Healthy), Richard Panik (Strained Back Injury)

VANCOUVER VOODOO

5 vs 5 Forward 
   Center                   Left Wing                Right Wing               Time % Phy DF OF 
 1 Cole Sillinger           Anthony Beauvillier      Josh Bailey              36     1   2  2  
 2 Marcus Johansson         Josh Anderson            Patric Hornqvist         31     1   2  2  
 3 Jack McBain              Brendan Lemieux          Brendan Gallagher        23     1   2  2  
 4 Radek Faksa              Dominik Kubalik          Denis Gurianov           10     1   2  2  

5 vs 5 Defense 
   Defense                  Defense                                           Time % Phy DF OF 
 1 Brett Kulak              Mike Reilly                                       36     1   2  2  
 2 Logan Stanley            Matthew Grzelcyk                                  33     1   2  2  
 3 Noah Juulsen             Jack Ahcan                                        31     1   2  2  
 4 Brett Kulak              Mike Reilly                                       0      1   2  2  

PowerPlay Forward 
   Center                   Left Wing                Right Wing               Time % Phy DF OF 
 1 Josh Bailey              Marcus Johansson         Patric Hornqvist         55     1   2  2  
 2 Radek Faksa              Josh Anderson            Brendan Gallagher        45     1   2  2  

PowerPlay Defense
   Defense                  Defense                                           Time % Phy DF OF 
 1 Brett Kulak              Mike Reilly                                       55     1   2  2  
 2 Logan Stanley            Matthew Grzelcyk                                  45     1   2  2  

Penalty Kill 4 Players Forward 
   Center                   Wing                     Time % Phy DF OF 
 1 Radek Faksa              Patric Hornqvist         55     1   2  2  
 2 Jack McBain              Brendan Lemieux          45     1   2  2  

Penalty Kill 4 Players Defense
   Defense                  Defense                  Time % Phy DF OF 
 1 Brett Kulak              Mike Reilly              55     1   2  2  
 2 Logan Stanley            Matthew Grzelcyk         45     1   2  2  

Penalty Kill - 3 Players Forward 
   Forward                                           Time % Phy DF OF 
 1 Brendan Lemieux                                   55     1   2  2  
 2 Patric Hornqvist                                  45     1   2  2  

Penalty Kill - 3 Players Defense
   Defense                  Defense                  Time % Phy DF OF 
 1 Brett Kulak              Mike Reilly              55     1   2  2  
 2 Logan Stanley            Matthew Grzelcyk         45     1   2  2  

4 vs 4 Forward 
   Center                   Wing                     Time % Phy DF OF 
 1 Josh Bailey              Patric Hornqvist         55     1   2  2  
 2 Marcus Johansson         Josh Anderson            45     1   2  2  

4 vs 4 Defense
   Defense                  Defense                  Time % Phy DF OF 
 1 Brett Kulak              Mike Reilly              55     1   2  2  
 2 Logan Stanley            Noah Juulsen             45     1   2  2  

Last Minutes Offensive
   Center                   Left Wing                Right Wing               Defense                  Defense                  
   Josh Bailey              Marcus Johansson         Patric Hornqvist         Brett Kulak              Matthew Grzelcyk         

Last Minutes Defensive
   Center                   Left Wing                Right Wing               Defense                  Defense                  
   Josh Bailey              Marcus Johansson         Patric Hornqvist         Brett Kulak              Matthew Grzelcyk         

Goaltenders
Starting : Samuel Montembeault      
Backup : Jake Allen               

Extra Forwards
Normal : Anthony Beauvillier, Denis Gurianov, Dominik Kubalik - PP : Anthony Beauvillier, Denis Gurianov - PK : Dominik Kubalik
Extra Defensemen
Normal : Noah Juulsen, Jack Ahcan, Logan Stanley - PP : Matthew Grzelcyk - PK : Jack Ahcan, Logan Stanley
Penalty Shots
Josh Bailey, Patric Hornqvist, Marcus Johansson, Josh Anderson, Radek Faksa
Custom OT Lines Forwards
Josh Bailey, Patric Hornqvist, Marcus Johansson, Josh Anderson, Radek Faksa, Anthony Beauvillier, Brendan Gallagher, Denis Gurianov, Dominik Kubalik, Cole Sillinger
Custom OT Lines Defensemen
Brett Kulak, Mike Reilly, Logan Stanley, Matthew Grzelcyk, Noah Juulsen

Scratches
Adam Gaudette (Healthy), Sebastien Aho (Broken Bone (Right Ankle) Injury), Braden Schneider (Healthy), John Moore (Sprained Left Finger Injury), Noel Acciari (Left Leg Injury)

% Time on Ice - TEXAS TOROS

Lines # - Real PCT - Wanted PCT - Time Play
Normal Forward
1 - 29% - 36% - 15:33
2 - 29% - 31% - 15:25
3 - 30% - 23% - 15:52
4 - 13% - 10% - 6:51
Normal Defense
1 - 33% - 36% - 17:29
2 - 34% - 31% - 18:14
3 - 28% - 23% - 14:47
4 - 6% - 10% - 3:11
PP Forward
1 - 43% - 55% - 1:00
2 - 57% - 45% - 1:21
PP Defense
1 - 43% - 55% - 1:00
2 - 57% - 45% - 1:21
PK Forward
1 - 63% - 55% - 2:29
2 - 37% - 45% - 1:29
PK Defense
1 - 52% - 55% - 2:03
2 - 48% - 45% - 1:55
PK3 Forward
1 - 0% - 55%
2 - 0% - 45%
PK3 Defense
1 - 0% - 55%
2 - 0% - 45%
44 Forward
1 - 0% - 55%
2 - 0% - 45%
44 Defense
1 - 0% - 55%
2 - 0% - 45%
Last Minute Offensive  - 0:00
Last Minute Defensive  - 0:00
Total
Forward - 60:00
Defense - 60:00

% Time on Ice - VANCOUVER VOODOO

Lines # - Real PCT - Wanted PCT - Time Play
Normal Forward
1 - 34% - 36% - 18:00
2 - 27% - 31% - 14:31
3 - 22% - 23% - 12:02
4 - 17% - 10% - 9:08
Normal Defense
1 - 38% - 36% - 20:12
2 - 32% - 33% - 17:24
3 - 30% - 31% - 16:05
4 - 0% - 0% - 0:00
PP Forward
1 - 49% - 55% - 1:57
2 - 51% - 45% - 2:01
PP Defense
1 - 51% - 55% - 2:01
2 - 49% - 45% - 1:57
PK Forward
1 - 55% - 55% - 1:17
2 - 45% - 45% - 1:04
PK Defense
1 - 44% - 55% - 1:02
2 - 56% - 45% - 1:19
PK3 Forward
1 - 0% - 55%
2 - 0% - 45%
PK3 Defense
1 - 0% - 55%
2 - 0% - 45%
44 Forward
1 - 0% - 55%
2 - 0% - 45%
44 Defense
1 - 0% - 55%
2 - 0% - 45%
Last Minute Offensive  - 0:00
Last Minute Defensive  - 0:00
Total
Forward - 60:00
Defense - 60:00

Play-by-Play

1st period


0:01 of 1st period - Cole Sillinger wins face-off versus Trevor Zegras in neutral zone.
0:08 of 1st period - Shot by Josh Bailey.
0:08 of 1st period - Stopped by Philipp Grubauer with a rebound.
0:16 of 1st period - Shot by Cole Sillinger.
0:16 of 1st period - Stopped by Philipp Grubauer without a rebound.
0:17 of 1st period - Marcus Johansson wins face-off versus Barrett Hayton in TEXAS TOROS zone.
1:15 of 1st period - Jack McBain is hit by Brandon Duhaime and loses puck.
1:30 of 1st period - Shot by Brendan Gallagher.
1:30 of 1st period - Stopped by Philipp Grubauer with a rebound.
1:32 of 1st period - Shot by Jack McBain.
1:32 of 1st period - Stopped by Philipp Grubauer without a rebound.
1:33 of 1st period - Trevor Zegras wins face-off versus Cole Sillinger in TEXAS TOROS zone.
1:50 of 1st period - Shot by Vladislav Namestnikov.
1:50 of 1st period - Stopped by Samuel Montembeault without a rebound.
1:51 of 1st period - Ryan Poehling wins face-off versus Radek Faksa in VANCOUVER VOODOO zone.
1:51 of 1st period - Ryan Poehling is hit by Noah Juulsen.
2:45 of 1st period - Denis Gurianov is hit by Philippe Myers and loses puck.
3:03 of 1st period - Off-side.
3:04 of 1st period - Barrett Hayton wins face-off versus Jack McBain in neutral zone.
3:17 of 1st period - Shot by Jack McBain.
3:17 of 1st period - Shot Misses the Net.
3:19 of 1st period - Shot by Jack McBain.
3:19 of 1st period - Shot Blocked by Dante Fabbro.
4:33 of 1st period - Minor Penalty to Brendan Lemieux for Holding.
4:34 of 1st period - Trevor Zegras wins face-off versus Radek Faksa in VANCOUVER VOODOO zone.
4:34 of 1st period - Trevor Zegras is hit by Logan Stanley.
4:48 of 1st period - Shot by Patric Hornqvist.
4:48 of 1st period - Stopped by Philipp Grubauer without a rebound.
4:49 of 1st period - Barrett Hayton wins face-off versus Radek Faksa in TEXAS TOROS zone.
4:56 of 1st period - Shot by Taylor Raddysh.
4:56 of 1st period - Shot Blocked by Matthew Grzelcyk.
4:58 of 1st period - Shot by Tyson Barrie.
4:58 of 1st period - Shot Misses the Net.
5:00 of 1st period - Shot by Barrett Hayton.
5:00 of 1st period - Shot Misses the Net.
5:02 of 1st period - Shot by Dante Fabbro.
5:02 of 1st period - Stopped by Samuel Montembeault without a rebound.
5:03 of 1st period - Trevor Zegras wins face-off versus Radek Faksa in VANCOUVER VOODOO zone.
5:46 of 1st period - Shot by Tyson Barrie.
5:46 of 1st period - Stopped by Samuel Montembeault with a rebound.
6:33 of 1st period - Shot by Trevor Zegras.
6:33 of 1st period - Shot Misses the Net.
6:35 of 1st period - Shot by Owen Power.
6:35 of 1st period - Stopped by Samuel Montembeault without a rebound.
6:36 of 1st period - Josh Bailey wins face-off versus Ryan Poehling in VANCOUVER VOODOO zone.
7:05 of 1st period - Shot by Anthony Beauvillier.
7:05 of 1st period - Stopped by Philipp Grubauer without a rebound.
7:06 of 1st period - Jason Zucker wins face-off versus Marcus Johansson in TEXAS TOROS zone.
7:45 of 1st period - Patric Hornqvist is hit by Philippe Myers and loses puck.
8:17 of 1st period - Shot by Josh Bailey.
8:17 of 1st period - Stopped by Philipp Grubauer without a rebound.
8:18 of 1st period - Barrett Hayton wins face-off versus Jack McBain in TEXAS TOROS zone.
8:28 of 1st period - Minor Penalty to Noah Juulsen for Tripping.
8:29 of 1st period - Radek Faksa wins face-off versus Barrett Hayton in VANCOUVER VOODOO zone.
8:47 of 1st period - Tyson Barrie is hit by Logan Stanley and loses puck.
8:50 of 1st period - Shot by Dante Fabbro.
8:50 of 1st period - Goal by Dante Fabbro - TEXAS TOROS : 1 - VANCOUVER VOODOO : 0.
8:51 of 1st period - Ryan Poehling wins face-off versus Cole Sillinger in neutral zone.
10:27 of 1st period - Off-side.
10:28 of 1st period - Trevor Zegras wins face-off versus Jack McBain in neutral zone.
10:31 of 1st period - Shot by Eetu Luostarinen.
10:31 of 1st period - Deflect By Vladislav Namestnikov.
10:31 of 1st period - Stopped by Samuel Montembeault without a rebound.
10:32 of 1st period - Jack McBain wins face-off versus Trevor Zegras in VANCOUVER VOODOO zone.
10:36 of 1st period - Off-side.
10:37 of 1st period - Josh Bailey wins face-off versus Trevor Zegras in neutral zone.
10:44 of 1st period - Shot by Vladislav Namestnikov.
10:44 of 1st period - Deflect By Trevor Zegras.
10:44 of 1st period - Shot Hit the Post.
10:46 of 1st period - Shot by Vladislav Namestnikov.
10:46 of 1st period - Shot Misses the Net.
10:48 of 1st period - Shot by Eetu Luostarinen.
10:48 of 1st period - Shot Misses the Net.
11:48 of 1st period - Shot by Barrett Hayton.
11:48 of 1st period - Shot Misses the Net.
11:50 of 1st period - Shot by Barrett Hayton.
11:50 of 1st period - Shot Misses the Net.
11:52 of 1st period - Shot by Taylor Raddysh.
11:52 of 1st period - Stopped by Samuel Montembeault with a rebound.
11:54 of 1st period - Shot by Tyson Barrie.
11:54 of 1st period - Shot Misses the Net.
11:56 of 1st period - Shot by Tyson Barrie.
11:56 of 1st period - Stopped by Samuel Montembeault without a rebound.
11:57 of 1st period - Marcus Johansson wins face-off versus Jason Zucker in VANCOUVER VOODOO zone.
13:48 of 1st period - Taylor Raddysh is hit by Logan Stanley and loses puck.
14:07 of 1st period - Shot by Taylor Raddysh.
14:07 of 1st period - Stopped by Samuel Montembeault with a rebound.
14:36 of 1st period - Trevor Zegras is hit by Noah Juulsen and loses puck.
15:06 of 1st period - Shot by Bobby Brink.
15:06 of 1st period - Deflect By Ryan Poehling.
15:06 of 1st period - Shot Misses the Net.
15:45 of 1st period - Shot by Barrett Hayton.
15:45 of 1st period - Shot Misses the Net.
15:47 of 1st period - Shot by Barrett Hayton.
15:47 of 1st period - Shot Blocked by Noah Juulsen.
17:24 of 1st period - Icing by Radek Faksa.
17:25 of 1st period - Radek Faksa wins face-off versus Trevor Zegras in VANCOUVER VOODOO zone.
17:25 of 1st period - Radek Faksa is hit by Vladislav Namestnikov.
17:30 of 1st period - Icing by Dominik Kubalik.
17:31 of 1st period - Barrett Hayton wins face-off versus Dominik Kubalik in VANCOUVER VOODOO zone.
18:22 of 1st period - Shot by Anthony Beauvillier.
18:22 of 1st period - Shot Misses the Net.
18:24 of 1st period - Shot by Mike Reilly.
18:24 of 1st period - Stopped by Philipp Grubauer without a rebound.
18:25 of 1st period - Patric Hornqvist wins face-off versus Trevor Zegras in TEXAS TOROS zone.
18:26 of 1st period - Shot by Marcus Johansson.
18:26 of 1st period - Goal by Marcus Johansson - TEXAS TOROS : 1 - VANCOUVER VOODOO : 1.
18:27 of 1st period - Radek Faksa wins face-off versus Trevor Zegras in neutral zone.
18:34 of 1st period - Shot by Denis Gurianov.
18:34 of 1st period - Shot Misses the Net.
18:36 of 1st period - Shot by Mike Reilly.
18:36 of 1st period - Stopped by Philipp Grubauer without a rebound.
18:37 of 1st period - Trevor Zegras wins face-off versus Cole Sillinger in TEXAS TOROS zone.
18:49 of 1st period - Off-side.
18:50 of 1st period - Ryan Poehling wins face-off versus Radek Faksa in neutral zone.
19:04 of 1st period - Shot by Ryan Poehling.
19:04 of 1st period - Stopped by Samuel Montembeault without a rebound.
19:05 of 1st period - Cole Sillinger wins face-off versus Trevor Zegras in VANCOUVER VOODOO zone.
Goals for this period are 1 for TEXAS TOROS vs 1 for VANCOUVER VOODOO.
Shots for this period are 10 for TEXAS TOROS vs 10 for VANCOUVER VOODOO.

2nd period


0:01 of 2nd period - Marcus Johansson wins face-off versus Trevor Zegras in neutral zone.
0:20 of 2nd period - Minor Penalty to Eetu Luostarinen for Tripping.
0:21 of 2nd period - Mikey Eyssimont wins face-off versus Radek Faksa in TEXAS TOROS zone.
2:27 of 2nd period - Shot by Anthony Beauvillier.
2:27 of 2nd period - Shot Blocked by Jason Zucker.
2:45 of 2nd period - Shot by Ryan Suter.
2:45 of 2nd period - Shot Hit the Post.
2:51 of 2nd period - Shot by Trevor Zegras.
2:51 of 2nd period - Shot Misses the Net.
2:53 of 2nd period - Shot by Trevor Zegras.
2:53 of 2nd period - Stopped by Samuel Montembeault with a rebound.
3:06 of 2nd period - Icing by Josh Bailey.
3:07 of 2nd period - Cole Sillinger wins face-off versus Ryan Poehling in VANCOUVER VOODOO zone.
4:36 of 2nd period - Shot by Patric Hornqvist.
4:36 of 2nd period - Shot Misses the Net.
4:38 of 2nd period - Shot by Patric Hornqvist.
4:38 of 2nd period - Deflect By Josh Anderson.
4:38 of 2nd period - Stopped by Philipp Grubauer without a rebound.
4:39 of 2nd period - Jack McBain wins face-off versus Trevor Zegras in TEXAS TOROS zone.
4:44 of 2nd period - Shot by Brendan Lemieux.
4:44 of 2nd period - Shot Blocked by Vladislav Namestnikov.
6:41 of 2nd period - Shot by Patric Hornqvist.
6:41 of 2nd period - Stopped by Philipp Grubauer without a rebound.
6:42 of 2nd period - Radek Faksa wins face-off versus Barrett Hayton in TEXAS TOROS zone.
6:42 of 2nd period - Radek Faksa is hit by Erik Gustafsson.
6:54 of 2nd period - Shot by Denis Gurianov.
6:54 of 2nd period - Shot Misses the Net.
7:10 of 2nd period - Shot by Denis Gurianov.
7:10 of 2nd period - Deflect By Dominik Kubalik.
7:10 of 2nd period - Shot Misses the Net.
7:12 of 2nd period - Shot by Radek Faksa.
7:12 of 2nd period - Shot Misses the Net.
7:14 of 2nd period - Shot by Dominik Kubalik.
7:14 of 2nd period - Stopped by Philipp Grubauer without a rebound.
7:15 of 2nd period - Marcus Johansson wins face-off versus Ryan Poehling in TEXAS TOROS zone.
7:52 of 2nd period - Icing by Patric Hornqvist.
7:53 of 2nd period - Marcus Johansson wins face-off versus Jason Zucker in VANCOUVER VOODOO zone.
8:21 of 2nd period - Shot by Josh Bailey.
8:21 of 2nd period - Shot Blocked by Ryan Suter.
8:27 of 2nd period - Shot by Trevor Zegras.
8:27 of 2nd period - Deflect By Jason Zucker.
8:27 of 2nd period - Stopped by Samuel Montembeault without a rebound.
8:28 of 2nd period - Jack McBain wins face-off versus Taylor Raddysh in VANCOUVER VOODOO zone.
8:44 of 2nd period - Barrett Hayton is hit by Brett Kulak and loses puck.
8:56 of 2nd period - Minor Penalty to Brandon Duhaime for Hooking.
8:57 of 2nd period - Josh Bailey wins face-off versus Eetu Luostarinen in TEXAS TOROS zone.
9:35 of 2nd period - Shot by Barrett Hayton.
9:35 of 2nd period - Shot Misses the Net.
9:37 of 2nd period - Shot by Ryan Suter.
9:37 of 2nd period - Goal by Ryan Suter - TEXAS TOROS : 2 - VANCOUVER VOODOO : 1.
9:38 of 2nd period - Eetu Luostarinen wins face-off versus Radek Faksa in neutral zone.
10:31 of 2nd period - Icing by Logan Stanley.
10:32 of 2nd period - Barrett Hayton wins face-off versus Josh Bailey in VANCOUVER VOODOO zone.
10:43 of 2nd period - Shot by Barrett Hayton.
10:43 of 2nd period - Stopped by Samuel Montembeault without a rebound.
10:44 of 2nd period - Barrett Hayton wins face-off versus Josh Bailey in VANCOUVER VOODOO zone.
12:03 of 2nd period - Shot by Brendan Lemieux.
12:03 of 2nd period - Stopped by Philipp Grubauer without a rebound.
12:04 of 2nd period - Marcus Johansson wins face-off versus Ryan Poehling in TEXAS TOROS zone.
12:12 of 2nd period - Icing by Erik Gustafsson.
12:13 of 2nd period - Ryan Poehling wins face-off versus Marcus Johansson in TEXAS TOROS zone.
12:19 of 2nd period - Bobby Brink is hit by Mike Reilly.
13:39 of 2nd period - Shot by Brendan Gallagher.
13:39 of 2nd period - Shot Blocked by Bobby Brink.
14:06 of 2nd period - Shot by Josh Bailey.
14:06 of 2nd period - Stopped by Philipp Grubauer with a rebound.
14:08 of 2nd period - Shot by Cole Sillinger.
14:08 of 2nd period - Deflect By Josh Bailey.
14:08 of 2nd period - Stopped by Philipp Grubauer without a rebound.
14:09 of 2nd period - Radek Faksa wins face-off versus Trevor Zegras in TEXAS TOROS zone.
14:27 of 2nd period - Brett Kulak is hit by Vladislav Namestnikov and loses puck.
14:36 of 2nd period - Shot by Eetu Luostarinen.
14:36 of 2nd period - Stopped by Samuel Montembeault without a rebound.
14:37 of 2nd period - Barrett Hayton wins face-off versus Josh Anderson in VANCOUVER VOODOO zone.
14:48 of 2nd period - Dante Fabbro is hit by Patric Hornqvist and loses puck.
15:17 of 2nd period - Shot by Josh Anderson.
15:17 of 2nd period - Deflect By Marcus Johansson.
15:17 of 2nd period - Shot Misses the Net.
16:05 of 2nd period - Shot by Vladislav Namestnikov.
16:05 of 2nd period - Stopped by Samuel Montembeault with a rebound.
16:30 of 2nd period - Icing by Logan Stanley.
16:31 of 2nd period - Cole Sillinger wins face-off versus Jason Zucker in VANCOUVER VOODOO zone.
16:31 of 2nd period - Cole Sillinger is hit by Jason Zucker.
16:58 of 2nd period - Icing by Mike Reilly.
16:59 of 2nd period - Jack McBain wins face-off versus Barrett Hayton in VANCOUVER VOODOO zone.
17:21 of 2nd period - Shot by Brendan Gallagher.
17:21 of 2nd period - Stopped by Philipp Grubauer with a rebound.
17:23 of 2nd period - Shot by Jack McBain.
17:23 of 2nd period - Deflect By Brendan Gallagher.
17:23 of 2nd period - Goal by Brendan Gallagher - TEXAS TOROS : 2 - VANCOUVER VOODOO : 2.
17:24 of 2nd period - Marcus Johansson wins face-off versus Trevor Zegras in neutral zone.
18:31 of 2nd period - Icing by Mike Reilly.
18:32 of 2nd period - Radek Faksa wins face-off versus Brandon Duhaime in VANCOUVER VOODOO zone.
18:46 of 2nd period - Philippe Myers is hit by Mike Reilly and loses puck.
Goals for this period are 1 for TEXAS TOROS vs 1 for VANCOUVER VOODOO.
Shots for this period are 6 for TEXAS TOROS vs 8 for VANCOUVER VOODOO.

3rd period


0:01 of 3rd period - Marcus Johansson wins face-off versus Trevor Zegras in neutral zone.
0:13 of 3rd period - Icing by Logan Stanley.
0:14 of 3rd period - Barrett Hayton wins face-off versus Marcus Johansson in VANCOUVER VOODOO zone.
0:34 of 3rd period - Barrett Hayton is hit by Logan Stanley and loses puck.
1:13 of 3rd period - Anthony Beauvillier is hit by Eetu Luostarinen and loses puck.
2:10 of 3rd period - Ryan Poehling is hit by Noah Juulsen and loses puck.
2:31 of 3rd period - Shot by Bobby Brink.
2:31 of 3rd period - Shot Misses the Net.
2:56 of 3rd period - Icing by Dante Fabbro.
2:57 of 3rd period - Radek Faksa wins face-off versus Barrett Hayton in TEXAS TOROS zone.
4:55 of 3rd period - Shot by Ryan Poehling.
4:55 of 3rd period - Stopped by Samuel Montembeault without a rebound.
4:56 of 3rd period - Cole Sillinger wins face-off versus Ryan Poehling in VANCOUVER VOODOO zone.
5:20 of 3rd period - Shot by Josh Bailey.
5:20 of 3rd period - Shot Misses the Net.
5:22 of 3rd period - Shot by Anthony Beauvillier.
5:22 of 3rd period - Shot Blocked by Owen Power.
5:30 of 3rd period - Shot by Anthony Beauvillier.
5:30 of 3rd period - Stopped by Philipp Grubauer without a rebound.
5:31 of 3rd period - Jack McBain wins face-off versus Jason Zucker in TEXAS TOROS zone.
5:34 of 3rd period - Shot by Brendan Lemieux.
5:34 of 3rd period - Shot Misses the Net.
5:46 of 3rd period - Shot by Brendan Lemieux.
5:46 of 3rd period - Stopped by Philipp Grubauer without a rebound.
5:47 of 3rd period - Trevor Zegras wins face-off versus Radek Faksa in TEXAS TOROS zone.
6:09 of 3rd period - Icing by Denis Gurianov.
6:10 of 3rd period - Ryan Poehling wins face-off versus Radek Faksa in VANCOUVER VOODOO zone.
7:01 of 3rd period - Off-side.
7:02 of 3rd period - Trevor Zegras wins face-off versus Marcus Johansson in neutral zone.
7:11 of 3rd period - Shot by Eetu Luostarinen.
7:11 of 3rd period - Stopped by Samuel Montembeault without a rebound.
7:12 of 3rd period - Jack McBain wins face-off versus Barrett Hayton in VANCOUVER VOODOO zone.
7:39 of 3rd period - Shot by Brendan Gallagher.
7:39 of 3rd period - Shot Blocked by Tyson Barrie.
7:41 of 3rd period - Shot by Brendan Lemieux.
7:41 of 3rd period - Shot Misses the Net.
8:08 of 3rd period - Off-side.
8:09 of 3rd period - Trevor Zegras wins face-off versus Josh Bailey in neutral zone.
8:43 of 3rd period - Shot by Trevor Zegras.
8:43 of 3rd period - Stopped by Samuel Montembeault without a rebound.
8:44 of 3rd period - Ryan Poehling wins face-off versus Marcus Johansson in VANCOUVER VOODOO zone.
8:55 of 3rd period - Shot by Josh Anderson.
8:55 of 3rd period - Shot Misses the Net.
8:57 of 3rd period - Shot by Patric Hornqvist.
8:57 of 3rd period - Stopped by Philipp Grubauer with a rebound.
8:59 of 3rd period - Shot by Logan Stanley.
8:59 of 3rd period - Shot Misses the Net.
9:01 of 3rd period - Shot by Marcus Johansson.
9:01 of 3rd period - Shot Misses the Net.
9:05 of 3rd period - Shot by Marcus Johansson.
9:05 of 3rd period - Stopped by Philipp Grubauer with a rebound.
9:07 of 3rd period - Shot by Matthew Grzelcyk.
9:07 of 3rd period - Stopped by Philipp Grubauer without a rebound.
9:08 of 3rd period - Jason Zucker wins face-off versus Radek Faksa in TEXAS TOROS zone.
9:08 of 3rd period - Jason Zucker is hit by Dominik Kubalik.
9:17 of 3rd period - Mike Reilly is hit by Dante Fabbro and loses puck.
9:25 of 3rd period - Denis Gurianov is hit by Dante Fabbro and loses puck.
9:51 of 3rd period - Off-side.
9:52 of 3rd period - Cole Sillinger wins face-off versus Barrett Hayton in neutral zone.
10:01 of 3rd period - Shot by Cole Sillinger.
10:01 of 3rd period - Stopped by Philipp Grubauer with a rebound.
10:11 of 3rd period - Shot by Josh Bailey.
10:11 of 3rd period - Stopped by Philipp Grubauer without a rebound.
10:12 of 3rd period - Marcus Johansson wins face-off versus Ryan Poehling in TEXAS TOROS zone.
10:43 of 3rd period - Shot by Josh Anderson.
10:43 of 3rd period - Stopped by Philipp Grubauer without a rebound.
10:44 of 3rd period - Trevor Zegras wins face-off versus Cole Sillinger in TEXAS TOROS zone.
11:05 of 3rd period - Shot by Josh Bailey.
11:05 of 3rd period - Shot Blocked by Philippe Myers.
11:05 of 3rd period - Philippe Myers from TEXAS TOROS is injured at 11:05 of 3rd period (Abdominal Strain).
11:06 of 3rd period - Barrett Hayton wins face-off versus Brendan Lemieux in TEXAS TOROS zone.
11:06 of 3rd period - Barrett Hayton is hit by Brendan Lemieux.
11:13 of 3rd period - Tyson Barrie is hit by Mike Reilly and loses puck.
12:37 of 3rd period - Shot by Vladislav Namestnikov.
12:37 of 3rd period - Shot Misses the Net.
13:11 of 3rd period - Shot by Anthony Beauvillier.
13:11 of 3rd period - Stopped by Philipp Grubauer without a rebound.
13:12 of 3rd period - Dominik Kubalik wins face-off versus Jason Zucker in TEXAS TOROS zone.
13:19 of 3rd period - Shot by Radek Faksa.
13:19 of 3rd period - Stopped by Philipp Grubauer with a rebound.
13:32 of 3rd period - Trevor Zegras is hit by Noah Juulsen and loses puck.
13:40 of 3rd period - Jason Zucker is hit by Noah Juulsen and loses puck.
14:23 of 3rd period - Shot by Josh Bailey.
14:23 of 3rd period - Stopped by Philipp Grubauer without a rebound.
14:24 of 3rd period - Jack McBain wins face-off versus Brandon Duhaime in TEXAS TOROS zone.
14:29 of 3rd period - Shot by Brendan Lemieux.
14:29 of 3rd period - Stopped by Philipp Grubauer without a rebound.
14:30 of 3rd period - Barrett Hayton wins face-off versus Jack McBain in TEXAS TOROS zone.
14:47 of 3rd period - Shot by Barrett Hayton.
14:47 of 3rd period - Shot Misses the Net.
15:03 of 3rd period - Shot by Barrett Hayton.
15:03 of 3rd period - Deflect By Brandon Duhaime.
15:03 of 3rd period - Shot Misses the Net.
15:07 of 3rd period - Shot by Barrett Hayton.
15:07 of 3rd period - Deflect By Brandon Duhaime.
15:07 of 3rd period - Shot Misses the Net.
15:09 of 3rd period - Shot by Barrett Hayton.
15:09 of 3rd period - Shot Hit the Post.
15:35 of 3rd period - Shot by Eetu Luostarinen.
15:35 of 3rd period - Shot Misses the Net.
15:37 of 3rd period - Shot by Eetu Luostarinen.
15:37 of 3rd period - Shot Misses the Net.
15:39 of 3rd period - Shot by Eetu Luostarinen.
15:39 of 3rd period - Stopped by Samuel Montembeault with a rebound.
15:46 of 3rd period - Shot by Tyson Barrie.
15:46 of 3rd period - Stopped by Samuel Montembeault without a rebound.
15:47 of 3rd period - Cole Sillinger wins face-off versus Ryan Poehling in VANCOUVER VOODOO zone.
15:47 of 3rd period - Cole Sillinger is hit by Bobby Brink.
16:12 of 3rd period - Cole Sillinger is hit by Owen Power and loses puck.
16:39 of 3rd period - Shot by Patric Hornqvist.
16:39 of 3rd period - Stopped by Philipp Grubauer without a rebound.
16:40 of 3rd period - Trevor Zegras wins face-off versus Marcus Johansson in TEXAS TOROS zone.
16:40 of 3rd period - Trevor Zegras is hit by Josh Anderson.
16:56 of 3rd period - Shot by Patric Hornqvist.
16:56 of 3rd period - Deflect By Marcus Johansson.
16:56 of 3rd period - Stopped by Philipp Grubauer without a rebound.
16:57 of 3rd period - Barrett Hayton wins face-off versus Radek Faksa in TEXAS TOROS zone.
17:01 of 3rd period - Taylor Raddysh is hit by Radek Faksa and loses puck.
17:27 of 3rd period - Tyson Barrie is hit by Radek Faksa and loses puck.
18:06 of 3rd period - Off-side.
18:07 of 3rd period - Mikey Eyssimont wins face-off versus Anthony Beauvillier in neutral zone.
18:47 of 3rd period - Brett Kulak is hit by Ryan Poehling and loses puck.
19:17 of 3rd period - Shot by Trevor Zegras.
19:17 of 3rd period - Deflect By Vladislav Namestnikov.
19:17 of 3rd period - Shot Misses the Net.
19:19 of 3rd period - Shot by Trevor Zegras.
19:19 of 3rd period - Shot Hit the Post.
19:21 of 3rd period - Shot by Dante Fabbro.
19:21 of 3rd period - Stopped by Samuel Montembeault with a rebound.
Goals for this period are 0 for TEXAS TOROS vs 0 for VANCOUVER VOODOO.
Shots for this period are 6 for TEXAS TOROS vs 14 for VANCOUVER VOODOO.

Overtime #1


0:01 of 1st overtime period - Marcus Johansson wins face-off versus Trevor Zegras in neutral zone.
0:10 of 1st overtime period - Shot by Marcus Johansson.
0:10 of 1st overtime period - Stopped by Philipp Grubauer with a rebound.
1:08 of 1st overtime period - Shot by Josh Anderson.
1:08 of 1st overtime period - Stopped by Philipp Grubauer without a rebound.
1:09 of 1st overtime period - Josh Anderson wins face-off versus Barrett Hayton in TEXAS TOROS zone.
1:24 of 1st overtime period - Shot by Patric Hornqvist.
1:24 of 1st overtime period - Stopped by Philipp Grubauer with a rebound.
2:30 of 1st overtime period - Shot by Josh Bailey.
2:30 of 1st overtime period - Deflect By Radek Faksa.
2:30 of 1st overtime period - Stopped by Philipp Grubauer without a rebound.
2:31 of 1st overtime period - Barrett Hayton wins face-off versus Marcus Johansson in TEXAS TOROS zone.
2:58 of 1st overtime period - Shot by Barrett Hayton.
2:58 of 1st overtime period - Stopped by Samuel Montembeault without a rebound.
2:59 of 1st overtime period - Marcus Johansson wins face-off versus Trevor Zegras in VANCOUVER VOODOO zone.
3:07 of 1st overtime period - Shot by Patric Hornqvist.
3:07 of 1st overtime period - Stopped by Philipp Grubauer without a rebound.
3:08 of 1st overtime period - Josh Bailey wins face-off versus Trevor Zegras in TEXAS TOROS zone.
3:15 of 1st overtime period - Shot by Josh Bailey.
3:15 of 1st overtime period - Stopped by Philipp Grubauer without a rebound.
3:16 of 1st overtime period - Trevor Zegras wins face-off versus Josh Bailey in TEXAS TOROS zone.
3:29 of 1st overtime period - Shot by Vladislav Namestnikov.
3:29 of 1st overtime period - Stopped by Samuel Montembeault without a rebound.
3:30 of 1st overtime period - Josh Bailey wins face-off versus Barrett Hayton in VANCOUVER VOODOO zone.
4:50 of 1st overtime period - Shot by Marcus Johansson.
4:50 of 1st overtime period - Stopped by Philipp Grubauer without a rebound.
4:51 of 1st overtime period - Radek Faksa wins face-off versus Eetu Luostarinen in TEXAS TOROS zone.
4:56 of 1st overtime period - Shot by Josh Bailey.
4:56 of 1st overtime period - Goal by Josh Bailey - TEXAS TOROS : 2 - VANCOUVER VOODOO : 3.
Goals for this period are 0 for TEXAS TOROS vs 1 for VANCOUVER VOODOO.
Shots for this period are 2 for TEXAS TOROS vs 8 for VANCOUVER VOODOO.


SEBASTIAN
AHO
MARK
SCHEIFELE
JAKE
OETTINGER

EAST COAST

HOCKEY LEAGUE

  • 17.QUE3CHI2
  • 18.CHA2LIM4
  • 19.TRV3LON2
  • 20.CHW1BAL2
  • 21.PITMAN
  • 22.ATLNHW
  • 23.WORPET
  • 24.RHI